 Dungeon Crawl Stone Soup version 0.17-a0-369-ge05c439 (webtiles) character file.

6076 Medar the Carver (level 10, -3/77 HPs)
             Began as a Mummy Chaos Knight on Mar 31, 2015.
             Killed from afar by an efreet (24 damage)
             ... with a fireball
             ... on level 10 of the Dungeon.
             The game lasted 00:30:51 (13673 turns).

Medar the Carver (Mummy Chaos Knight)              Turns: 13673, Time: 00:30:51

Health: -3/77      AC:  6    Str: 18    XL:     10   Next: 57%
Magic:  10/10      EV: 14    Int: 11    God:    Xom [....*.]
Gold:   507        SH:  0    Dex: 15    Spells: 1 memorised, 8 levels left

rFire  . . .     SeeInvis .     a - +0 scimitar
rCold  + . .     Clarity  .     v - +0 leather armour {rF+}
rNeg   + + +     SustAb   +     (no shield)
rPois  ∞         Gourm    .     (no helmet)
rElec  .         Spirit   .     q - +2 cloak "Kuvurghu" {Dex+4}
rCorr  +         Warding  .     (no gloves)
rMut   .         Stasis   .     (no boots)
MR     +....                    y - amulet of resist corrosion
Stlth  +.........               x - ring of flight
                                f - ring of sustain abilities

@: very slightly contaminated, invisible, somewhat resistant to hostile
enchantments, very unstealthy
A: no food or potions, fire vulnerability, cold resistance 1, negative energy
resistance 3, torment resistance, unbreathing
a: Renounce Religion, Evoke Flight


You were on level 10 of the Dungeon.
You worshipped Xom.
You were a beloved toy of Xom.
You were not hungry.

You visited 3 branches of the dungeon, and saw 12 of its levels.
You also visited: Sewer.

You collected 507 gold pieces.

Inventory:

Hand weapons
 a - a +0 scimitar (weapon)
 m - a +4 club of chaos
 o - a +0 blowgun
 E - a +0 falchion of chaos
Missiles
 i - 15 tomahawks (quivered)
 n - 91 poisoned needles
 s - 16 javelins
 u - 2 tomahawks of dispersal
Armour
 b - a +3 leather armour
 k - a +0 shield
 q - the +2 cloak "Kuvurghu" (worn) {Dex+4}
   (You found it on level 5 of the Dungeon)

   It affects your dexterity (+4).
 v - a +0 leather armour of fire resistance (worn)
 B - a +0 scale mail of positive energy
Jewellery
 f - a ring of sustain abilities (left hand)
 x - a ring of flight (right hand)
 y - an amulet of resist corrosion (around neck)
 D - an uncursed ring of ice
Magical devices
 l - a wand of invisibility (0)
 r - a wand of polymorph (5)
 z - a wand of slowing (15)
 A - a wand of flame (19)
 G - a wand of disintegration (13)
Scrolls
 d - 3 scrolls of teleportation
 e - 4 scrolls of immolation
 g - a scroll of blinking
 h - 6 scrolls of remove curse {@r1}
 j - 2 scrolls of recharging
 p - 2 scrolls of amnesia
 t - 3 scrolls of magic mapping
 w - 2 scrolls of enchant weapon
 C - a scroll of noise {unknown}
 F - a scroll of enchant armour
Books
 H - a book of Callings

   Spells                             Type                      Level
   a - Summon Small Mammal            Summoning                    1
   b - Call Imp                       Summoning                    2
   c - Call Canine Familiar           Summoning                    3
   d - Summon Guardian Golem          Hexes/Summoning              3
   e - Summon Lightning Spire         Summoning/Air                4
   f - Summon Ice Beast               Ice/Summoning                4
Miscellaneous
 c - a lamp of fire


   Skills:
 - Level 6.6 Fighting
 + Level 10.7 Long Blades
 - Level 5.1 Armour
 - Level 4.7 Dodging


You had 8 spell levels left.
You knew the following spells:

 Your Spells              Type           Power        Failure   Level  Hunger
d - Summon Small Mammal   Summ           #...         41%         1    N/A

Dungeon Overview and Level Annotations

Branches:
Dungeon (10/15)            Temple (1/1) D:6            Lair (1/8) D:9
    Orc: D:9-12

Altars:
Ashenzari
Cheibriados
Dithmenos
Elyvilon
Fedhas
Gozag
Kikubaaqudgha
Makhleb
Nemelex Xobeh
Okawaru
Qazlal
Ru
Sif Muna
Trog
Vehumet
Xom
Yredelemnul
Zin
The Shining One

Shops:
D:4 %


Innate Abilities, Weirdness & Mutations

You do not eat or drink.
Your flesh is vulnerable to fire.
You are immune to poison.
Your flesh is cold resistant.
You are immune to negative energy.
You are immune to unholy pain and torment.
You can survive without breathing.


Message History

* * * LOW HITPOINT WARNING * * *
The efreet burns you.
* * * LOW HITPOINT WARNING * * *
You catch the helpless efreet completely off-guard!
You hit the efreet.
The efreet is moderately wounded.
You catch the helpless efreet completely off-guard!
You hit the efreet but do no damage.
The efreet is moderately wounded.
The efreet barely misses you.
You barely miss the efreet.
The efreet is moderately wounded.
The efreet misses you.
You completely miss the efreet.
The efreet is moderately wounded.
You barely miss the efreet.
The efreet is moderately wounded.
The efreet gestures at you.
The fireball explodes!
The fireball engulfs you!
You die...

#
#.######
#.#....#
#.R....#
#§#@...#
..
#....#
##
######


You could see an efreet.

Vanquished Creatures
  The ghost of Blackbelt the Cleaver, an experienced DDFi (D:5)
  A spiny frog (Lair:1)
  A wyvern (D:9)
  A hungry ghost (D:9)
  3 yaks
  2 porcupines (Lair:1)
  5 ice beasts
  Purgy (Sewer)
  A black bear (Lair:1)
  2 ogres (D:8)
  A centaur (D:9)
  A phantom (D:8)
  A crocodile (Lair:1)
  6 giant frogs
  3 big kobolds
  A scorpion (D:6)
  13 wights
  6 crimson imps
  A goliath beetle (D:7)
  A giant frog zombie (D:5)
  3 jellies
  6 killer bees (Lair:1)
  A quasit (D:9)
  A centaur zombie (D:6)
  4 orc priests
  2 hounds
  6 iguanas
  2 gnoll shamans (D:5)
  4 giant frog skeletons
  4 orc wizards
  2 worker ants
  A hound zombie (D:6)
  A hound skeleton (D:4)
  21 adders
  9 gnolls
  A giant mite (D:3)
  2 shadow imps
  A river rat (D:3)
  2 worms
  An adder skeleton (D:4)
  5 giant geckos
  2 oozes
  30 orcs
  4 ball pythons
  A bat skeleton (D:3)
  6 giant cockroaches
  9 hobgoblins
  4 quokkas
  16 bats
  8 giant newts
  A giant newt (shapeshifter) (Sewer)
  21 goblins
  17 jackals
  36 kobolds
  2 quokka zombies
  14 rats
  A fungus (D:9)
  4 plants (D:4)
307 creatures vanquished.

Vanquished Creatures (collateral kills)
  3 yaks (D:8)
  A big kobold (D:4)
  A giant frog (D:8)
  Jessica (D:2)
  A hound skeleton (D:8)
  An adder (D:2)
  9 kobolds
  A goblin (D:2)
18 creatures vanquished.

Vanquished Creatures (others)
  An orange demon (D:8)
  2 crimson imps
  An iron imp (D:8)
  An orc (D:7)
  A goblin (D:7)
  A jackal (D:9)
  A giant newt (D:7)
  2 rats
10 creatures vanquished.

Grand Total: 335 creatures vanquished

Notes
Turn   | Place    | Note
--------------------------------------------------------------
     0 | D:1      | Medar, the Mummy Chaos Knight, began the quest for the Orb.
     0 | D:1      | Reached XP level 1. HP: 18/18 MP: 1/1
   124 | D:1      | Reached XP level 2. HP: 20/24 MP: 2/2
   341 | D:1      | XOM: divination: magic mapping
   377 | D:1      | XOM: summons friendly shadow imp
   872 | D:1      | XOM is BORED!
   872 | D:1      | XOM: mild Divn miscast
   926 | D:1      | XOM: god gift: 2 scrolls labeled JAAWAT LETU
  1270 | D:2      | Reached XP level 3. HP: 22/29 MP: 3/3
  1297 | D:2      | XOM: colour smoke trail
  1445 | D:2      | XOM: 2-stop teleportation journey
  1788 | D:2      | XOM: vitrification
  1866 | D:2      | Noticed Jessica
  1868 | D:2      | Killed Jessica
  1868 | D:2      | Reached skill level 4 in Long Blades
  1868 | D:2      | Reached XP level 4. HP: 35/35 MP: 4/4
  1934 | D:2      | XOM: medium Erth miscast
  2197 | D:3      | XOM: divination: detect creatures
  2220 | D:3      | XOM: god gift: robe {god gift}
  2295 | D:3      | Found a glowing drain.
  2379 | Sewer    | Entered a sewer
  2437 | Sewer    | Noticed Purgy
  2445 | Sewer    | XOM: polymorph giant newt -> ball python
  2450 | Sewer    | Killed Purgy
  2450 | Sewer    | Reached skill level 5 in Long Blades
  2450 | Sewer    | Reached XP level 5. HP: 31/41 MP: 5/5
  2501 | Sewer    | XOM: summons 2 hostile shadow creatures
  2655 | D:3      | XOM: god gift: encrusted bronze wand {god gift}
  3043 | D:3      | Reached XP level 6. HP: 43/47 MP: 6/6
  3105 | D:3      | XOM: chaos upgrade
  3218 | D:3      | XOM: noise
  3515 | D:4      | Found Saduopuf's Food Boutique.
  3685 | D:4      | XOM: summons 3 friendly demons
  3702 | D:4      | XOM: confusion (+ monsters)
  3706 | D:4      | Reached skill level 6 in Long Blades
  3708 | D:4      | XOM: polymorph kobold -> gnoll
  4027 | D:4      | XOM: smoke on damage
  4137 | D:4      | XOM: colour smoke trail
  4250 | D:4      | XOM: divination: detect creatures
  4355 | D:4      | XOM: silly message
  4361 | D:5      | Entered Level 5 of the Dungeon
  4630 | D:5      | Got a brightly glowing cloak
  4636 | D:5      | Identified the +2 cloak "Kuvurghu" {Dex+4} (You found it on level 5 of the Dungeon)
  4640 | D:5      | Noticed Blackbelt's ghost (experienced DDFi)
  4654 | D:5      | XOM: harmless Trmt miscast
  4657 | D:5      | XOM: confuse monster(s)
  4802 | D:5      | XOM: confusion (+ monsters)
  4851 | D:5      | Reached XP level 7. HP: 38/52 MP: 7/7
  4982 | D:5      | Reached skill level 1 in Dodging
  5082 | D:5      | XOM: silly message
  5156 | D:5      | XOM: enchant monster (good)
  5188 | D:5      | XOM: harmless Tloc miscast
  5440 | D:5      | XOM: colour smoke trail
  5468 | D:5      | XOM: divination: detect items
  5594 | D:5      | XOM: cast spell 'Blink'
  5607 | D:5      | XOM: harmless Pois miscast
  5891 | D:5      | XOM: harmless Hex miscast
  5915 | D:5      | XOM: vitrification
  6049 | D:5      | Reached skill level 7 in Long Blades
  6056 | D:5      | XOM: enchant monster (bad)
  6115 | D:5      | XOM: confusion (+ monsters)
  6118 | D:5      | Killed Blackbelt's ghost
  6118 | D:5      | Reached XP level 8. HP: 53/60 MP: 8/8
  6251 | D:6      | XOM: summons 3 friendly demons
  6336 | D:6      | Found an iron altar of Okawaru.
  6615 | D:6      | Found a staircase to the Ecumenical Temple.
  6629 | Temple   | Entered the Ecumenical Temple
  6669 | Temple   | XOM: noise
  6794 | D:6      | XOM: destruction
  7048 | D:6      | XOM: harmless Necr miscast
  7191 | D:6      | XOM: 2-stop teleportation journey
  7214 | D:6      | XOM: cast spell 'Blink'
  7252 | D:6      | XOM: confusion
  7305 | D:7      | Reached skill level 5 in Fighting
  7328 | D:7      | Reached skill level 8 in Long Blades
  7651 | D:7      | Reached XP level 9. HP: 41/68 MP: 9/9
  7676 | D:7      | XOM: destruction
  7688 | D:7      | XOM: god gift: dire flail {god gift}
  7990 | D:7      | XOM: god gift: whip {god gift}
  8174 | D:7      | XOM: vitrification
  8183 | D:8      | XOM: confusion
  8184 | D:8      | XOM: polymorph kobold -> adder
  8190 | D:8      | XOM: noise
  8327 | D:8      | XOM: mild Pois miscast
  8364 | D:8      | XOM: harmless Summ miscast
  8396 | D:8      | XOM: noise
  8398 | D:8      | XOM: summons 2 friendly demons
  8406 | D:8      | XOM: summons friendly orange demon
  8418 | D:8      | XOM: medium Hex miscast
  8601 | D:8      | XOM: fake destruction
  8684 | D:7      | XOM: medium Divn miscast
  8719 | D:7      | XOM: scenery: create altars
  9278 | D:8      | XOM: potion effect (invisibility)
  9299 | D:8      | XOM: butterfly on damage
  9504 | D:8      | Found a shimmering altar of Xom.
  9504 | D:8      | Found a sacrificial altar of Ru.
  9505 | D:8      | Found an opulent altar of Gozag.
  9505 | D:8      | Found a radiant altar of Vehumet.
  9505 | D:8      | Found a shattered altar of Ashenzari.
  9506 | D:8      | Found a white marble altar of Elyvilon.
  9506 | D:8      | XOM: harmless Necr miscast
  9759 | D:7      | XOM: harmless Conj miscast
  9761 | D:7      | XOM: silly message
  9967 | D:8      | XOM: divination: detect creatures
  9975 | D:7      | XOM: cast spell 'Confusing Touch'
  9982 | D:7      | Reached skill level 9 in Long Blades
 10031 | D:7      | Noticed a ghost crab
 10031 | D:7      | a yak changed into a ghost crab
 10042 | D:7      | Noticed a spectral anaconda
 10044 | D:7      | XOM: silly message
 10222 | D:6      | XOM: potion effect (haste)
 10467 | D:8      | XOM: cast spell 'Cause Fear'
 10471 | D:8      | XOM: harmless Pois miscast
 10507 | D:8      | XOM: potion effect (might)
 10695 | D:8      | XOM: potion effect (haste)
 10846 | D:7      | XOM: silly message
 10992 | D:8      | XOM: harmless Hex miscast
 11040 | D:8      | XOM: harmless Pois miscast
 11125 | D:8      | XOM: divination: detect creatures
 11284 | D:9      | XOM: divination: magic mapping
 11379 | D:9      | Reached XP level 10. HP: 38/77 MP: 10/10
 11718 | D:9      | XOM: divination: magic mapping
 11736 | D:9      | Reached skill level 5 in Armour
 11738 | D:9      | XOM: confusion
 11741 | D:9      | XOM: confusion (+ monsters)
 11819 | D:9      | XOM: colour smoke trail
 11855 | D:9      | Found an iron altar of Okawaru.
 11858 | D:9      | XOM: harmless Divn miscast
 12166 | D:9      | XOM: colour smoke trail
 12194 | D:9      | Found a staircase to the Lair.
 12206 | D:9      | XOM: destruction
 12211 | Lair:1   | Entered Level 1 of the Lair of Beasts
 12280 | Lair:1   | XOM: cast spell 'Dispersal'
 12390 | Lair:1   | Reached skill level 10 in Long Blades
 12409 | Lair:1   | XOM: 4-stop teleportation journey
 12418 | Lair:1   | XOM: silly message
 12456 | Lair:1   | XOM: enchant monster (good)
 12458 | Lair:1   | XOM: enchant monster (good)
 12569 | Lair:1   | XOM: god gift: lamp of fire
 12703 | Lair:1   | Learned a level 1 spell: Summon Small Mammal
 12706 | Lair:1   | XOM: 8-stop teleportation journey
 12799 | Lair:1   | XOM: harmless Chrm miscast
 13036 | Lair:1   | XOM: fake destruction
 13074 | Lair:1   | XOM: cast spell 'Olgreb's Toxic Radiance'
 13109 | Lair:1   | XOM: divination: magic mapping
 13109 | Lair:1   | HP: 2/77 [killer bee (8)]
 13548 | D:10     | Entered Level 10 of the Dungeon
 13603 | D:10     | XOM: summons 2 friendly demons
 13636 | D:10     | XOM: 5-stop teleportation journey
 13664 | D:10     | XOM: potion effect (curing)
 13673 | D:10     | Killed from afar by an efreet

Action                   |  1- 3 |  4- 6 |  7- 9 | 10-12 || total
-------------------------+-------+-------+-------+-------++-------
Melee: Falchion          |   156 |   445 |   769 |   150 ||  1520
       Scimitar          |       |       |       |   162 ||   162
 Fire: Blowgun           |       |       |     5 |       ||     5
Throw: Throwing net      |       |     2 |       |       ||     2
       Tomahawk          |       |     2 |       |       ||     2
 Cast: Summon Small Mamm |       |       |       |     1 ||     1
Evoke: Wand              |       |       |    20 |     9 ||    29
  Use: Scroll            |     6 |     5 |    12 |     5 ||    28
 Stab: Paralysed         |     1 |     4 |     6 |     2 ||    13
       Confused          |       |     1 |     8 |     2 ||    11
       Held in net/web   |       |     1 |       |       ||     1
       Petrifying        |       |       |     5 |       ||     5
       Petrified         |       |       |     3 |     1 ||     4
       Invisible         |       |       |     8 |     3 ||    11
       Distracted        |       |       |       |     1 ||     1
